 Dungeon Crawl Stone Soup version 0.19-a0-277-g85cb9a5 (webtiles) character file.

178 epen the Gusty (level 5, -8/28 HPs)
             Began as a Deep Elf Air Elementalist on May 26, 2016.
             Killed by divine providence
             ... invoked by an orc priest
              (12 damage)
             ... on level 3 of the Dungeon.
             The game lasted 00:05:22 (2745 turns).

epen the Gusty (Deep Elf Air Elementalist)          Turns: 2745, Time: 00:05:23

Health: -8/28      AC:  3    Str:  5    XL:     5   Next: 32%
Magic:  6/12       EV: 14    Int: 21    God:
Gold:   162        SH:  0    Dex: 15    Spells: 3 memorised, 5 levels left

rFire  . . .     SeeInvis .     e - +0 dagger
rCold  . . .     Gourm    .     a - +0 robe
rNeg   . . .     Faith    .     (no shield)
rPois  .         Spirit   .     l - +0 helmet
rElec  .         Dismiss  .     (no cloak)
rCorr  .         Reflect  .     (no gloves)
SustAt .         Harm     .     (no boots)
MR     .....     Rnd*Tele +     p - amulet of rage
Stlth  ++........               (no ring)
                                m - ring of teleportation (curse)

@: repel missiles, not resistant to hostile enchantments, unstealthy
A: no striking features
a: Evoke Berserk Rage


You were on level 3 of the Dungeon.
You were hungry.

You visited 1 branch of the dungeon, and saw 3 of its levels.

You collected 162 gold pieces.

Inventory:

Hand Weapons
 e - a +0 dagger (weapon)
Armour
 a - a +0 robe (worn)
 l - a +0 helmet (worn)
Jewellery
 m - a cursed ring of teleportation (left hand)
 p - an amulet of rage (around neck)
Scrolls
 j - 3 scrolls of identify {unknown}
 k - a scroll of recharging
 o - a scroll of remove curse {unknown}
Books
 b - a book of Air

   Spells                             Type                      Level
   a - Shock                          Conjuration/Air              1
   b - Swiftness                      Charms/Air                   2
   c - Repel Missiles                 Charms/Air                   2
   d - Static Discharge               Conjuration/Air              3
   e - Lightning Bolt                 Conjuration/Air              5
Comestibles
 c - 2 bread rations
 f - a slice of pizza
 g - 3 meat rations
 n - a royal jelly


   Skills:
 + Level 0.7 Fighting
 + Level 3.6 Dodging
 - Level 2.4 Stealth
 + Level 3.8 Spellcasting
 * Level 3.5 Conjurations
 * Level 4.0 Air Magic


You had 5 spell levels left.
You knew the following spells:

 Your Spells              Type           Power        Failure   Level  Hunger
a - Shock                 Conj/Air       ###.         2%          1    None
b - Repel Missiles        Chrm/Air       ##....       12%         2    #......
c - Static Discharge      Conj/Air       ###.....     10%         3    ###....


Dungeon Overview and Level Annotations

Branches:
Dungeon (3/15)

Altars:
Pakellas
Yredelemnul


Message History

Read which item? (? for menu, Esc to quit)
As you read the scroll labeled ALEOKL QANOI, it crumbles to dust.
You hear a loud clanging noise!
It was a scroll of noise.
Casting: Shock
Confirm with . or Enter, or press ? or * to list all spells.
Aiming: Shock
Press: ? - help, Shift-Dir - straight line, f - orc priest
Aim: an orc priest, wielding a mace The zap misses the orc priest.
Casting: Shock
Confirm with . or Enter, or press ? or * to list all spells.
Aiming: Shock
Press: ? - help, Shift-Dir - straight line, f/p - orc priest
Aim: an orc priest, wielding a mace The zap hits the orc priest.
The orc priest is lightly wounded.
The orc priest calls down the wrath of Beogh upon you.
Beogh smites you!
You die...

########## #.........
#.######## #### #.# #
...########### #########.#
#
.............###@........#
####
##.............o.#########
#..( ##.#########.#####
#.## ......# #.# ######.##
##.##.# #.# #........
##)##.######o####
#.####.##
..)..).o........# ##.##
#.# ##.##.######.##.####
##.#.###.# ##.##.#
#.......# ##.###.##.#


You could see an orc priest.

Vanquished Creatures
  An orc wizard (D:3)
  Jessica (D:2)
  Terence (D:3)
  3 adders
  An ooze (D:3)
  5 worms
  3 orcs (D:3)
  5 bats
  A giant cockroach (D:2)
  5 goblins
  10 hobgoblins
  4 jackals (D:3)
  4 kobolds
  A quokka (D:3)
  2 ball pythons (D:2)
  3 giant newts
  5 rats
  A spectral orc (D:3)
56 creatures vanquished.

Notes
Turn   | Place    | Note
--------------------------------------------------------------
     0 | D:1      | epen the Deep Elf Air Elementalist began the quest for the Orb.
     0 | D:1      | Reached XP level 1. HP: 10/10 MP: 6/6
   633 | D:1      | Reached XP level 2. HP: 15/15 MP: 5/8
   745 | D:2      | Noticed Jessica
  1123 | D:2      | Killed Jessica
  1123 | D:2      | Reached XP level 3. HP: 19/19 MP: 6/9
  1818 | D:2      | Reached XP level 4. HP: 24/24 MP: 11/11
  1835 | D:2      | Learned a level 2 spell: Repel Missiles
  1841 | D:2      | Learned a level 3 spell: Static Discharge
  2261 | D:3      | Found a basalt altar of Yredelemnul.
  2386 | D:3      | Noticed Terence
  2410 | D:3      | Killed Terence
  2606 | D:3      | Reached XP level 5. HP: 28/28 MP: 7/12
  2614 | D:3      | Found an oddly glowing altar of Pakellas.
  2715 | D:3      | Reached skill level 4 in Air Magic
  2745 | D:3      | Killed from afar by an orc priest

Vault maps used:
D:1:      lightli_arrival_isolated_outpost, amethyst_killhole
D:2:      uniq_jessica
D:3:      yredelemnul_forgotten_temple_becter, marbit_many_paths, first_bread,
          uniq_terence

Skill      XL: |  1  2  3  4  5 |
---------------+----------------+-----
Conjurations   | 2 3 |  3.5
Dodging        | 3 |  3.6
Air Magic      | 4 |  4.0
Fighting       | |  0.7
Stealth        | |  2.4
Spellcasting   | |  3.8

Action                   |  1- 3 |  4- 6 || total
-------------------------+-------+-------++-------
Melee: Unarmed           |     8 |       ||     8
       Dagger            |    38 |    20 ||    58
 Cast: Shock             |    61 |    68 ||   129
       Repel Missiles    |       |     2 ||     2
  Use: Scroll            |     1 |     3 ||     4
       Potion            |     1 |     1 ||     2
  Eat: Chunk             |     3 |     2 ||     5
Armor: Robe              |     8 |     6 ||    14
Dodge: Dodged            |    44 |    20 ||    64
       Deflected         |       |     1 ||     1
